 Dungeon Crawl Stone Soup version 0.30-a0-777-ga9a30cbeda (console) character file.

Game seed: 12957202420085035548

82308 rlgrobin the Warrior (level 16, -13/149 HPs)
             Began as a Meteoran Fighter on Feb 15, 2023.
             Was the Champion of Okawaru.
             Succumbed to a wolf spider's poison
             ... on level 3 of the Spider Nest.
             The game lasted 00:35:43 (5013 turns).

rlgrobin the Warrior (Meteoran Fighter)             Turns: 5013, Time: 00:35:44

Health: -13/149    AC: 36    Str: 31    XL:     16   Next: 71%
Magic:  24/24      EV: 16    Int: 12    God:    Okawaru [******]
Gold:   855        SH:  0    Dex: 19    Spells: 15/15 levels left

rFire   + + .      SeeInvis +    a - +11 battleaxe {spect, Drain rF+ Str+2}
rCold   . . .      Faith    .    (shield currently unavailable)
rNeg    . . .      Spirit   .    s - +4 crystal plate armour
rPois   .          Reflect  .    i - +1 helmet "Yseuleiz" {Str+3 SInv}
rElec   .          Harm     .    B - +0 cloak {rF+}
rCorr   .          Rampage  .    (no gloves)
Will    ++...                    g - +0 pair of boots of Zyilecil {Str+4 Int+3 SInv} Stlth
                                 m - amulet of the acrobat
HPRegen 0.44/turn                (no ring)
MPRegen 0.19/turn                (no ring)

@: lethally poisoned (-13 -> -44), heroic, glowing, studying Shields
A: sense surroundings 2, otherworldly, glowing, explore regen
a: Renounce Religion, Heroism, Finesse, Duel


You were on level 3 of the Spider Nest.
You worshipped Okawaru.
Okawaru was exalted by your worship.
You visited 3 branches of the dungeon, and saw 19 of its levels.
You also visited: Bailey, Ice Cave and Volcano.

You collected 855 gold pieces.

Inventory:

Hand Weapons
 a - the +11 battleaxe "Vaopias" (weapon) {spect, Drain rF+ Str+2}
   (Okawaru gifted it to you on level 4 of the Lair of Beasts)

   Str:       It affects your strength (+2).
   rF:        It protects you from fire.
   Drain:     It drains your maximum health when unequipped.
 t - a +0 war axe
 z - a +0 spectral mace
 A - a +2 mace of flaming
Missiles
 o - 4 silver javelins
 u - a boomerang
 w - 11 javelins (quivered)
Armour
 c - a +0 buckler
 e - the +7 plate armour "Gomomus" {-Tele rC+ rCorr}
   (You found it on level 2 of the Lair of Beasts)

   rC:        It protects you from cold.
   -Tele:     It prevents most forms of teleportation.
   rCorr:     It protects you from acid and corrosion.
 g - the +0 pair of boots of Zyilecil (worn) {Str+4 Int+3 SInv}
   (You acquired it on level 7 of the Dungeon)

   Str:       It affects your strength (+4).
   Int:       It affects your intelligence (+3).
   SInv:      It lets you see invisible.
 i - the +1 helmet "Yseuleiz" (worn) {Str+3 SInv}
   (You acquired it on level 7 of the Dungeon)

   Str:       It affects your strength (+3).
   SInv:      It lets you see invisible.
 r - a +2 cloak
 s - a +4 crystal plate armour (worn)
 B - a +0 cloak of fire resistance (worn)
 J - the +1 buckler "Iwinwisi" {rElec Str-4 Dex+4}
   (Okawaru gifted it to you on level 3 of the Spider Nest)

   Str:       It affects your strength (-4).
   Dex:       It affects your dexterity (+4).
   rElec:     It insulates you from electricity.
Jewellery
 m - an amulet of the acrobat (around neck)
Wands
 h - a wand of paralysis (4)
 j - a wand of mindburst (14)
 y - a wand of quicksilver (9)
 K - a wand of polymorph (4)
Scrolls
 k - 4 scrolls of fog
 q - 2 scrolls of fear
 D - 3 scrolls of teleportation
 E - a scroll of identify
 G - 2 scrolls of blinking
 I - a scroll of silence
 L - a scroll of enchant weapon {unknown}
Potions
 b - 3 potions of haste
 d - 3 potions of might
 f - a potion of cancellation
 l - 4 potions of berserk rage
 n - 3 potions of magic
 p - 4 potions of brilliance
 v - 3 potions of resistance
 x - a potion of attraction
 C - a potion of curing
 F - a potion of lignification
 H - a potion of invisibility {unknown}


   Skills:
 - Level 15.0(20.0) Fighting
 - Level 13.7(20.1) Axes
 - Level 11.3(19.6) Maces & Flails
 - Level 4.9(9.9) Throwing
 - Level 13.8(18.8) Armour
 - Level 12.3(17.3) Dodging
 - Level 5.2(10.2) Shields
 - Level 10.0 Invocations
 + Level 7.3 Evocations


You had 15 spell levels left.
You didn't know any spells.
Your spell library contained the following spells:

 Spells                   Type           Power      Damage    Failure   Level
 Dazzling Flash           Conj/Hex       0%         N/A       100%        3
 Hailstorm                Conj/Ice       0%         3d3       100%        3
 Ice Form                 Ice/Tmut       0%         N/A       100%        4
 Iskenderun's Mystic Bla  Conj/Tloc      0%         2d3       100%        4
 Freezing Cloud           Conj/Ice/Air   0%         6-21      100%        5
 Starburst                Conj/Fire      0%         6d3       100%        6
 Polar Vortex             Ice            0%         N/A       100%        9
 Simulacrum               Ice/Necr       Unusable   N/A       N/A         6

Dungeon Overview and Level Annotations

Branches:
Dungeon (11/15) Zot: 4769    Lair (4/5) D:10 Zot: 1284  Spider (4/4) Lair:3 Zot: 1438
    Orc (0/2) D:9          Bailey (visited)           IceCv (visited)
Volcano (visited)
 Temple: D:4-7        Swamp: Lair:2-3    Shoals: Lair:2-3     Slime: Lair:4-5

Altars:
Fedhas
Gozag
Hepliaklqana
Okawaru

Shops:
D:1 [

Annotations:
D:10 6 runed translucent doors
Lair:2 2 transporters, funkygono's ghost, journeyman GrFE


Innate Abilities, Weirdness & Mutations

You passively map the area around you.
You are easily found by Zot.
You glow in the dark.
You regain HP and MP as you explore.


Message History

The wolf spider poisons you!
A torpor snail comes into view.
The tarantella touches you! The redback simulacrum misses you.
The wolf spider hits you. The wolf spider bites you!
You are more poisoned.
The wolf spider poisons you!
You slash the redback simulacrum!
The redback simulacrum vaporises!
You barely miss the wolf spider. You slice the tarantella!!
Your +11 battleaxe "Vaopias" {spect, Drain rF+ Str+2} hits the wolf spider!
Your +11 battleaxe "Vaopias" {spect, Drain rF+ Str+2} barely misses the tarantella.
You feel extremely sick.
The tarantella touches you but does no damage.
The wolf spider hits you!
The wolf spider bites you but does no damage.
The tarantella misses you. The wolf spider hits you!!
The wolf spider bites you but does no damage.
You are too injured to fight recklessly!
You are too injured to fight recklessly!
* * * LOW HITPOINT WARNING * * *
You feel extremely sick. The tarantella touches you!
* * * LOW HITPOINT WARNING * * *
The wolf spider completely misses you.
The wolf spider bites you but does no damage.
The tarantella touches you but does no damage.
The wolf spider hits you!
* * * LOW HITPOINT WARNING * * *
The wolf spider bites you but does no damage.
The tarantella misses you.
The wolf spider hits you but does no damage.
The wolf spider bites you!
* * * LOW HITPOINT WARNING * * *
The moth of wrath bites you but does no damage.
The tarantella completely misses you. The moth of wrath barely misses you.
The wolf spider completely misses you. The wolf spider bites you!
* * * LOW HITPOINT WARNING * * *
You climb upwards.
You feel yourself speed up.
You die...

*#################### *#
,........^...^......# ..
,...................#..#
.......................
.......................
^.............ys.......*
...............@...^..# *
..............s......##<,,*
.....................#, ,,
...........^.......###....#
..................##......#
.......>....††####.......##
,,
..........†.##...........#
........>..#.............
.......................#*


You could see a wolf spider (berserk, soul bound), a moth of wrath (soul bound)
and a tarantella (berserk, soul bound).

Vanquished Creatures
  A frost giant (IceCv)
  An emperor scorpion (Spider:3)
  Aizul (Spider:2)
  3 ghost moths
  A broodmother (Spider:3)
  2 spark wasps (Spider:1)
  5 entropy weavers
  A hydra (Lair:4)
  A radroach (Spider:3)
  A catoblepas (Lair:1)
  A dancing weapon (Volcano)
  7 death yaks (IceCv)
  2 boulder beetles
  5 pharaoh ants
  7 orb spiders
  A skyshark (Lair:2)
  3 wizards (Volcano)
  4 steelbarb worms
  9 wolf spiders
  2 moths of wrath
  5 toenail golems (Volcano)
  A black mamba (Lair:4)
  2 torpor snails
  4 demonic crawlers
  Psyche (D:9)
  2 komodo dragons (Lair:4)
  6 rime drakes (IceCv)
  3 meliai (Spider:3)
  4 polar bears (IceCv)
  A troll (D:10)
  4 dream sheep (Lair:3)
  10 tarantellas
  Prince Ribbit (D:7)
  8 blink frogs
  25 jumping spiders
  13 culicivoras
  21 yaks
  2 wyverns (D:9)
  37 redbacks
  An acid dragon (D:8)
  4 water moccasins
  9 orc warriors
  An ogre (D:5)
  6 centaurs
  6 wolves (IceCv)
  6 bullfrogs
  2 kobold brigands
  A scorpion (D:5)
  5 wights (D:10)
  15 killer bees
  4 howler monkeys
  A hound (D:5)
  A jelly (D:6)
  An iguana (D:4)
  2 orc wizards (D:9)
  Robin (D:4)
  6 gnolls (D:9)
  2 adders
  A white imp (D:6)
  A dart slug (D:1)
  30 orcs
  2 endoplasms
  A giant cockroach (D:3)
  8 goblins
  10 hobgoblins
  2 jackals (D:3)
  15 kobolds
  2 quokkas (D:1)
  4 ball pythons
  2 bats (D:1)
  2 rats (D:2)
362 creatures vanquished.

Vanquished Creatures (others)
  2 wizards (Volcano)
  A redback (Spider:1)
  An orc warrior (Bailey)
  2 orcs (Bailey)
  4 fungi
  6 plants
16 creatures vanquished.

Grand Total: 378 creatures vanquished

Notes
Turn   | Place    | Note
-------+----------+-------------------------------------------
     0 | D:1      | rlgrobin the Meteoran Fighter began the quest for the Orb.
     0 | D:1      | Reached XP level 1. HP: 19/19 MP: 2/2
    70 | D:1      | Reached XP level 2. HP: 17/26 MP: 3/3
    93 | D:1      | Found Xuoso's Antique Armour Shoppe.
   224 | D:2      | Reached XP level 3. HP: 23/31 MP: 4/4
   420 | D:3      | Found an iron altar of Okawaru.
   426 | D:3      | Became a worshipper of Warmaster Okawaru
   453 | D:3      | Reached XP level 4. HP: 38/38 MP: 5/5
   523 | D:4      | Noticed Robin
   533 | D:4      | Reached skill level 1 in Maces & Flails
   539 | D:4      | Killed Robin
   575 | D:4      | Reached XP level 5. HP: 45/45 MP: 6/6
   589 | D:5      | Entered Level 5 of the Dungeon
   696 | D:5      | Noticed an ogre
   698 | D:5      | Reached skill level 5 in Maces & Flails
   698 | D:5      | Reached XP level 6. HP: 51/51 MP: 7/7
   710 | D:5      | Killed an ogre
   710 | D:5      | Reached * piety under Okawaru
   749 | D:6      | Reached skill level 1 in Invocations
   749 | D:6      | Reached XP level 7. HP: 54/57 MP: 8/8
   825 | D:7      | Identified 2 scrolls of acquirement
   825 | D:7      | Acquired the +0 pair of boots of Zyilecil {Str+4 Int+3
                  | SInv}
   827 | D:7      | Noticed Prince Ribbit
   847 | D:7      | Killed Prince Ribbit
   857 | D:7      | Acquired the +1 helmet "Yseuleiz" {Str+3 SInv}
   901 | D:8      | Reached ** piety under Okawaru
   920 | D:8      | Noticed an acid dragon
   940 | D:8      | Killed an acid dragon
   941 | D:8      | Reached skill level 4 in Fighting
   941 | D:8      | Reached XP level 8. HP: 20/66 MP: 11/11
  1045 | D:9      | Reached skill level 1 in Evocations
  1060 | D:9      | Found an opulent altar of Gozag.
  1068 | D:9      | Noticed Psyche
  1077 | D:9      | Killed Psyche
  1077 | D:9      | Reached *** piety under Okawaru
  1078 | D:9      | Reached skill level 5 in Armour
  1083 | D:9      | Gained mutation: You passively map the area around you.
                  | [Meteoran growth]
  1083 | D:9      | Reached XP level 9. HP: 71/71 MP: 12/12
  1090 | D:9      | Found a staircase to the Orcish Mines.
  1099 | D:9      | Reached skill level 1 in Dodging
  1219 | D:9      | Reached skill level 5 in Dodging
  1277 | D:9      | Found a flagged portal.
  1313 | Bailey   | Entered a bailey
  1322 | Bailey   | Reached skill level 5 in Evocations
  1359 | Bailey   | Reached **** piety under Okawaru
  1401 | Bailey   | Reached skill level 5 in Fighting
  1416 | Bailey   | Reached XP level 10. HP: 81/81 MP: 10/13
  1488 | Bailey   | Reached skill level 6 in Fighting
  1532 | Bailey   | Reached skill level 5 in Invocations
  1570 | Bailey   | Reached skill level 7 in Fighting
  1738 | D:10     | Entered Level 10 of the Dungeon
  1844 | D:10     | Reached skill level 8 in Fighting
  1899 | D:10     | Found a runed translucent door.
  1947 | D:10     | Reached XP level 11. HP: 69/95 MP: 16/16
  1961 | D:10     | Reached skill level 10 in Maces & Flails
  1998 | D:10     | Found a runed translucent gate.
  1998 | D:10     | Found a runed translucent gate.
  1998 | D:10     | Found a runed translucent gate.
  1998 | D:10     | Found a runed translucent gate.
  1998 | D:10     | Found a runed translucent gate.
  1998 | D:10     | Found a runed translucent gate.
  1998 | D:10     | Noticed a boulder beetle
  1998 | D:10     | Noticed a lindwurm
  1999 | D:10     | Noticed a boulder beetle
  2048 | D:10     | Noticed a boulder beetle
  2079 | D:10     | Killed a boulder beetle
  2080 | D:10     | Reached skill level 9 in Fighting
  2092 | D:10     | Found a staircase to the Lair.
  2095 | D:9      | Found a blossoming altar of Fedhas.
  2137 | Lair:1   | Entered Level 1 of the Lair of Beasts
  2151 | Lair:1   | Noticed a catoblepas
  2163 | Lair:1   | Killed a catoblepas
  2163 | Lair:1   | Reached ***** piety under Okawaru
  2177 | Lair:1   | Identified the +2 rapier of Contradiction {flame, Int+3}
  2205 | Lair:2   | Reached skill level 10 in Fighting
  2215 | Lair:2   | Reached skill level 10 in Armour
  2215 | Lair:2   | Reached skill level 5 in Shields
  2262 | Lair:2   | Identified the +7 plate armour "Gomomus" {-Tele rC+ rCorr}
  2278 | Lair:2   | Received a gift from Okawaru
  2364 | Lair:2   | Noticed funkygono's ghost (journeyman GrFE)
  2365 | Lair:2   | Found a transporter.
  2365 | Lair:2   | Noticed a black mamba
  2365 | Lair:2   | Noticed a black mamba
  2372 | Lair:2   | Noticed a black mamba
  2428 | Lair:2   | Found a dark tunnel.
  2433 | Volcano  | Entered a volcano
  2435 | Volcano  | Noticed a wizard
  2435 | Volcano  | Noticed a toenail golem
  2435 | Volcano  | Noticed a toenail golem
  2442 | Volcano  | Killed a toenail golem
  2443 | Volcano  | Reached skill level 1 in Throwing
  2448 | Volcano  | Killed a wizard
  2455 | Volcano  | Killed a toenail golem
  2464 | Volcano  | Noticed a wizard
  2471 | Volcano  | Killed a wizard
  2482 | Volcano  | Noticed a wizard
  2490 | Volcano  | Killed a wizard
  2500 | Volcano  | Noticed a toenail golem
  2500 | Volcano  | Noticed a wizard
  2510 | Volcano  | Killed a wizard
  2511 | Volcano  | Reached XP level 12. HP: 95/106 MP: 14/17
  2525 | Volcano  | Noticed a wizard
  2535 | Volcano  | Killed a wizard
  2584 | Volcano  | Noticed a +2 mace of flaming
  2603 | Volcano  | Killed a +2 mace of flaming
  2603 | Volcano  | Received a gift from Okawaru
  2748 | Lair:2   | Noticed a skyshark
  2757 | Lair:2   | Killed a skyshark
  2783 | Lair:2   | Found a transporter.
  2824 | Lair:3   | Identified the +3 plate armour "Laomu Zeki" {Str-4 Int+3
                  | Slay+4 SInv}
  2941 | Lair:3   | Found a hazy altar of Hepliaklqana.
  3064 | Lair:4   | Noticed a five-headed hydra
  3073 | Lair:4   | Killed a five-headed hydra
  3130 | Lair:4   | Found a frozen archway.
  3140 | Lair:4   | Identified the +11 battleaxe "Vaopias" {spect, Drain rF+
                  | Str+2} (Okawaru gifted it to you on level 4 of the Lair of
                  | Beasts)
  3140 | Lair:4   | Received a gift from Okawaru
  3146 | IceCv    | Entered an ice cave
  3164 | IceCv    | Reached skill level 10 in Invocations
  3191 | IceCv    | Reached skill level 5 in Axes
  3193 | IceCv    | Reached XP level 13. HP: 110/113 MP: 19/21
  3252 | IceCv    | Noticed a death yak
  3253 | IceCv    | Noticed a death yak
  3259 | IceCv    | Killed a death yak
  3266 | IceCv    | Killed a death yak
  3366 | IceCv    | Noticed a death yak
  3367 | IceCv    | Noticed a frost giant
  3381 | IceCv    | Killed a death yak
  3388 | IceCv    | Killed a frost giant
  3409 | IceCv    | Noticed a death yak
  3409 | IceCv    | Noticed a death yak
  3415 | IceCv    | Killed a death yak
  3416 | IceCv    | Reached skill level 10 in Axes
  3417 | IceCv    | Identified the quicksilver dragon scales of Jaymodol {Will+
                  | Stlth+} (Okawaru gifted it to you in an ice cave)
  3417 | IceCv    | Received a gift from Okawaru
  3420 | IceCv    | Noticed a death yak
  3428 | IceCv    | Killed a death yak
  3428 | IceCv    | Reached ****** piety under Okawaru
  3431 | IceCv    | Killed a death yak
  3454 | IceCv    | Noticed a death yak
  3460 | IceCv    | Killed a death yak
  3664 | Lair:3   | Found a hole to the Spider Nest.
  3897 | Spider:1 | Entered Level 1 of the Spider Nest
  3914 | Spider:1 | HP: 1/108 [culicivora (14)]
  3922 | Lair:3   | Reached XP level 14. HP: 23/116 MP: 22/22
  4055 | Spider:1 | Noticed a spark wasp
  4060 | Spider:1 | Killed a spark wasp
  4104 | Spider:1 | Noticed a spark wasp
  4109 | Spider:1 | Received a gift from Okawaru
  4111 | Spider:1 | HP: 3/121 [spark wasp (14)]
  4115 | Spider:1 | Killed a spark wasp
  4190 | Spider:2 | Noticed a ghost moth
  4196 | Spider:2 | Killed a ghost moth
  4196 | Spider:2 | Received a gift from Okawaru
  4214 | Spider:2 | Reached skill level 11 in Fighting
  4214 | Spider:2 | Reached XP level 15. HP: 130/130 MP: 10/23
  4323 | Spider:2 | Received a gift from Okawaru
  4388 | Spider:2 | Noticed Aizul
  4394 | Spider:2 | Killed Aizul
  4435 | Spider:2 | Reached XP level 16. HP: 90/139 MP: 24/24
  4477 | Spider:2 | Reached skill level 12 in Fighting
  4482 | Spider:2 | Noticed a ghost moth
  4489 | Spider:2 | Killed a ghost moth
  4780 | Spider:3 | Identified the +1 buckler "Iwinwisi" {rElec Str-4 Dex+4}
                  | (Okawaru gifted it to you on level 3 of the Spider Nest)
  4780 | Spider:3 | Received a gift from Okawaru
  4782 | Spider:3 | Reached skill level 13 in Fighting
  4837 | Spider:3 | Noticed an emperor scorpion
  4846 | Spider:3 | Killed an emperor scorpion
  4853 | Spider:3 | Identified the +1 ring mail of Claustrophobia {rF++ rC+}
  4863 | Spider:3 | Noticed a ghost moth
  4872 | Spider:3 | Killed a ghost moth
  4879 | Spider:3 | Reached skill level 14 in Fighting
  4968 | Spider:3 | Reached skill level 15 in Fighting
  5005 | Spider:4 | Entered Level 4 of the Spider Nest
  5012 | Spider:4 | HP: 1/149 [wolf spider (9)]
  5013 | Spider:3 | Succumbed to a wolf spider's poison

Illustrated notes

Levels and vault maps discovered:
D:1:      minmay_arrival_stone_box, layout_loops_ring, serial_shops, shop,
          serial_rivers, chequers_serial_rivers_micro_e,
          chequers_serial_rivers_large_b, chequers_serial_rivers_room_a,
          chequers_serial_rivers_micro_e, chequers_serial_rivers_micro_b,
          serial_bayou_lake_a
D:2:      layout_basic, st_stairs_7, uniq_jessica
D:3:      layout_rooms, hellmonk_okawaru_the_only_friend_you_need
D:4:      layout_gridville, uniq_menkaure, uniq_robin, uniq_eustachio
D:5:      layout_loops_ring, minmay_crystal_room
D:6:      layout_rooms
D:7:      layout_basic, minmay_temple_entry_junction, dreamdust_gnoll_farm,
          uniq_prince_ribbit1, uniq_duvessa
D:8:      cheibrodos_fertilizer, layout_cave_pools,
          mainiacjoe_overflow_24_doors, kennysheep_generic_room_4
D:9:      layout_rooms, kennysheep_mini_moat, grunt_gozag_statues,
          fedhas_bush_and_centaur_altar, lightli_bailey_entry_fortress,
          kennysheep_nub, uniq_psyche
D:10:     gammafunk_indiana_jones, layout_basic, lightli_temple_of_fire,
          lair_entry_dummy
D:11:     layout_gridville, minmay_misc_feat_rugged,
          nicolae_hepliaklqana_monster_ancestors, uniq_grum
Lair:1:   beast_lair_carwin_large_3, layout_hall_layers, grunt_megastairs_3,
          infiniplex_staircase_pool_2, serial_bayou_shore_b
Lair:2:   layout_gridlike, minmay_shoals_entry_beasts, serial_forest,
          infiniplex_forest_zigzag_2, infiniplex_forest_end_3,
          infiniplex_forest_lined_corner, infiniplex_forest_clump_tiny,
          infiniplex_forest_lined_3, infiniplex_forest_clump_double,
          infiniplex_forest_lined_corner, infiniplex_forest_lined_ring,
          gammafunk_ghost_arena, enter_volcano_4
Lair:3:   layout_regular_city, spider_nest_entry_webs, basic_altar
Lair:4:   nzn_winding_woodlands_medium [nzn_winding_woodlands_hourglass,
          nzn_winding_woodlands_5x15_river_crossing,
          nzn_winding_woodlands_5x5_closed_star,
          nzn_winding_woodlands_5x5_perimeter,
          nzn_winding_woodlands_center_diamonds,
          nzn_winding_woodlands_5x5_default,
          nzn_winding_woodlands_5x5_checkerboard,
          nzn_winding_woodlands_5x15_lazy_stream,
          nzn_winding_woodlands_5x5_three], layout_loops_ring, slime_entry_1,
          portal_ice_cave_entry_pillars_1
Spider:1: layout_spider_delve
Spider:2: layout_spider_delve, uniq_aizul
Spider:3: nicolae_spider_obnoxious_hallway
Spider:4: grunt_spider_rune_circles, hangedman_spider_mandibles

Skill      XL: |  1  2  3  4  5  6  7  8  9 10 11 12 13 14 15 16 |
---------------+-------------------------------------------------+-----
Axes           | 3 4 5 13 | 13.7
Maces & Flails | 3 5 6 8 9 10 11 | 11.3
Invocations    | 1 3 6 10 | 10.0
Fighting       | 4 5 8 10 11 15 | 15.0
Armour         | 5 8 11 12 13 | 13.8
Evocations     | 4 5 6 7 |  7.3
Dodging        | 5 7 11 12 | 12.3
Shields        | 5 |  5.2
Throwing       | 4 |  4.9

Action                     |  1- 3 |  4- 6 |  7- 9 | 10-12 | 13-15 | 16-18 || total
---------------------------+-------+-------+-------+-------+-------+-------++-------
  Melee: War axe           |    83 |     3 |       |       |       |       ||    86
         Mace              |     2 |    41 |   144 |   397 |       |       ||   584
         Battleaxe         |       |       |       |     6 |   178 |    96 ||   280
  Throw: Javelin           |       |     1 |       |       |       |       ||     1
 Invoke: Heroism           |       |       |     3 |    19 |    11 |     5 ||    38
  Evoke: Wand              |       |       |    16 |       |     9 |    11 ||    36
    Use: Scroll            |       |       |    18 |     8 |     2 |       ||    28
         Potion            |       |       |       |     1 |     9 |       ||    10
   Stab: Paralysed         |       |       |     7 |       |       |       ||     7
         Distracted        |       |       |     1 |     7 |     3 |     2 ||    13
 Armour: Scale mail        |    49 |    22 |    98 |    76 |       |       ||   245
         Crystal plate arm |       |       |       |   214 |   178 |    63 ||   455
  Dodge: Dodged            |    28 |    21 |    98 |   168 |   152 |    62 ||   529
  Block: Buckler           |    26 |    15 |    61 |   147 |       |       ||   249

Table legend: (Time is in decaauts)
 A = Elapsed time spent in this place.
 B = Non-inter-level travel time spent in this place.
 C = Inter-level travel time spent in this place.
 D = Time resting spent in this place.
 E = Time spent auto-exploring this place.
 F = Levels seen in this place.
 G = Mean time per level.
                   A        B        C        D        E       F      G
               +--------+--------+--------+--------+--------+-----+--------+
         Total |   4946 |   4772 |    174 |      3 |      0 |  22 |  224.8 |
       Dungeon |   1830 |   1830 |      0 |      0 |      0 |  11 |  166.4 |
          Lair |   1115 |   1110 |      5 |      0 |      0 |   4 |  278.8 |
   Spider Nest |    961 |    792 |    169 |      0 |      0 |   4 |  240.2 |
        Bailey |    331 |    331 |      0 |      0 |      0 |   1 |  331.0 |
      Ice Cave |    465 |    465 |      0 |      3 |      0 |   1 |  465.0 |
       Volcano |    241 |    241 |      0 |      0 |      0 |   1 |  241.0 |
               +--------+--------+--------+--------+--------+-----+--------+

Top non-repeatable levels by time:
Spider:2: 599 daAuts
  Lair:3: 514 daAuts
   IceCv: 465 daAuts
     D:9: 435 daAuts
    D:10: 371 daAuts
  Lair:2: 369 daAuts
  Bailey: 331 daAuts
 Volcano: 241 daAuts
Spider:3: 221 daAuts
     D:2: 195 daAuts
  Lair:4: 181 daAuts
     D:3: 177 daAuts
     D:5: 156 daAuts
Spider:1: 132 daAuts
     D:1: 130 daAuts
